Map: Overgrowth LE

Players

LST - Winner!

  • Race: Zerg Zerg
  • League: Bronze
  • Spawn Location: 1:00

VOD

Have the link to the VOD?

Description

Time

  • Played on: May 16, 2017, 8:09 a.m.
  • Length: 4:44
Show
View Real Time Build Order
Export as new Build Order

LST Zerg - Winner!

Build Orders: Hatch First 

Get SALT Encoding   

  12  0:03  Drone  
  12  0:13  Overlord  
  12  0:18  Drone  
  12  0:32  Drone x2  
  12  0:39  Drone  
  12  0:52  Hatchery  
  12  0:55  Drone  
  12  1:03  Extractor  
  12  1:06  Drone  
  12  1:18  Spawning Pool  
  12  1:20  Drone  
  12  1:23  Drone  
  12  1:32  Drone  
  12  1:40  Overlord  
  12  1:57  Drone  
  12  2:10  Drone  
  12  2:15  Drone  
  12  2:20  Metabolic Boost  
  12  2:26  Drone  
  12  2:29  Queen  
  12  2:32  Queen  
  12  2:34  Zergling x4  
  12  2:39  Roach Warren  
  12  2:44  Drone  
  12  2:45  Drone  
  12  2:47  Drone  
  12  2:52  Drone  
  12  2:56  Overlord  
  12  2:59  Overlord  
  12  3:06  Drone  
  12  3:20  Roach x2  
  12  3:24  Roach x2  
  12  3:33  Roach  
  12  3:34  Roach  
  12  3:41  Zergling x2  
  12  3:42  Zergling x2  
  12  3:51  Zergling x8  
Tags
 
Add a new tag
Caveats
  • Supply blocks, unpowered buildings, or Contaminate may cause inaccurate times.
  • Supply counts are checked every 10 seconds.